[Event "Rated Blitz game"]
[Site "?"]
[Date "2021.06.09"]
[Round "?"]
[White "Udar59"]
[Black "compte_galere"]
[Result "1-0"]
[ECO "C42"]
[WhiteElo "2372"]
[BlackElo "2452"]
[PlyCount "45"]
[EventDate "2021.??.??"]
[EventType "blitz"]
[TimeControl "180"]

1. e4 e5 2. Nf3 Nf6 3. Nxe5 d6 4. Nxf7 Kxf7 5. d4 c5 6. Nc3 cxd4 7. Qxd4 Nc6 8.
Bc4+ Be6 9. Bxe6+ Kxe6 10. Qc4+ d5 11. exd5+ Nxd5 12. O-O Ne5 13. Re1 Rc8 14.
Rxe5+ Kxe5 15. Qe4+ Kf6 16. Nxd5+ Kf7 17. Qf5+ Ke8 18. Qe6+ Be7 19. Bg5 Rc6 20.
Qe4 Qd7 21. Re1 Kf7 22. Nxe7 Re6 23. Qf5+ {Normal} 1-0

[Event "Rated Blitz game"]
[Site "?"]
[Date "2021.06.08"]
[Round "?"]
[White "Ofird94"]
[Black "TheChessPrince"]
[Result "1-0"]
[ECO "C42"]
[WhiteElo "2421"]
[BlackElo "2452"]
[PlyCount "57"]
[EventDate "2021.??.??"]
[EventType "blitz"]
[TimeControl "180"]

1. e4 e5 2. Nf3 Nf6 3. Nxe5 d6 4. Nxf7 Kxf7 5. Bc4+ Be6 6. Bxe6+ Kxe6 7. d4 Kf7
8. Nc3 Be7 9. f4 Re8 10. g4 Kg8 11. g5 Nfd7 12. h4 c6 13. Qg4 Nb6 14. f5 Qd7
15. e5 dxe5 16. dxe5 Nd5 17. e6 Bb4 18. O-O Qd6 19. Ne4 Qe5 20. c3 Ba5 21. f6
Rxe6 22. f7+ Kf8 23. Bf4 Bb6+ 24. Kh2 Qxe4 25. Rae1 Qc2+ 26. Kh3 Rxe1 27. Bd6+
Ne7 28. Qc8+ Bd8 29. Qxd8# {Normal} 1-0

[Event "Rated Blitz game"]
[Site "?"]
[Date "2021.06.08"]
[Round "?"]
[White "oticMJ"]
[Black "adnansendur"]
[Result "0-1"]
[ECO "C42"]
[WhiteElo "2281"]
[BlackElo "2411"]
[PlyCount "126"]
[EventDate "2021.??.??"]
[EventType "blitz"]
[TimeControl "180"]

1. e4 e5 2. Nf3 Nf6 3. Nxe5 d6 4. Nxf7 Kxf7 5. Bc4+ Be6 6. Bxe6+ Kxe6 7. O-O c5
8. d4 cxd4 9. Qxd4 Nc6 10. Qc4+ Kd7 11. Bg5 Qe8 12. Nc3 Qe6 13. Qb5 Kc8 14.
Rad1 a6 15. Qe2 Be7 16. f4 Re8 17. Rfe1 Bd8 18. Qd3 Bb6+ 19. Kh1 Ng4 20. Rf1
Nf2+ 21. Rxf2 Bxf2 22. Nd5 Bc5 23. b4 Nxb4 24. Nxb4 Bxb4 25. f5 Qf7 26. a3 Bc5
27. Qc3 Kc7 28. Bf4 b6 29. Rxd6 Kb7 30. Rd5 Rxe4 31. Rxc5 bxc5 32. Qb2+ Kc6 33.
Bg3 Qxf5 34. h3 Qf6 35. Qb3 Rae8 36. Kh2 Qe6 37. Qc3 Re3 38. Qxg7 Rxg3 39. Qxg3
Qe5 40. Qxe5 Rxe5 41. g4 Re3 42. Kg2 Rxa3 43. h4 Kd5 44. g5 Ke5 45. h5 Ra2 46.
g6 hxg6 47. h6 Kf6 48. h7 Kg7 49. Kf3 Kxh7 50. Ke3 Rxc2 51. Kd3 Rf2 52. Ke3 Rf7
53. Ke4 g5 54. Kd5 g4 55. Kc4 g3 56. Kxc5 g2 57. Kd6 g1=Q 58. Ke6 Qf2 59. Kd5
Qf5+ 60. Kd6 Rd7+ 61. Kc6 Qd5+ 62. Kb6 Rb7+ 63. Kxa6 Qb5# {Normal} 0-1

[Event "Rated Blitz game"]
[Site "?"]
[Date "2021.06.08"]
[Round "?"]
[White "compte_galere"]
[Black "promoKC"]
[Result "1-0"]
[ECO "C42"]
[WhiteElo "2470"]
[BlackElo "2455"]
[PlyCount "65"]
[EventDate "2021.??.??"]
[EventType "blitz"]
[TimeControl "180"]

1. e4 e5 2. Nf3 Nf6 3. Nxe5 d6 4. Nxf7 Kxf7 5. d4 g6 6. Bc4+ d5 7. exd5 Bd6 8.
O-O Kg7 9. Bg5 h6 10. Bh4 g5 11. Bg3 Bf5 12. Nc3 Nbd7 13. Re1 Nb6 14. Bb3 a5
15. a4 Re8 16. Be5 Nbd7 17. Qf3 Bg6 18. Bxd6 cxd6 19. Nb5 Rxe1+ 20. Rxe1 Qf8
21. Nc7 Kh7 22. Nxa8 Qxa8 23. Re7+ Kg8 24. Qe3 Qf8 25. Qe6+ Bf7 26. Qxd6 Kg7
27. Rxd7 Nxd7 28. Qxd7 Qb4 29. h3 Qe1+ 30. Kh2 Qxf2 31. Qg4 Kg6 32. Qe4+ Kf6
33. Qf3+ {Time forfeit} 1-0

[Event "Rated Blitz game"]
[Site "?"]
[Date "2021.06.08"]
[Round "?"]
[White "rotaberg"]
[Black "SuperDonald"]
[Result "1/2-1/2"]
[ECO "C42"]
[WhiteElo "2502"]
[BlackElo "2490"]
[PlyCount "105"]
[EventDate "2021.??.??"]
[EventType "blitz"]
[TimeControl "180+2"]

1. e4 e5 2. Nf3 Nf6 3. Nxe5 d6 4. Nxf7 Kxf7 5. d4 c5 6. Bc4+ d5 7. exd5 Bd6 8.
dxc5 Qa5+ 9. Nc3 Qxc5 10. Bb3 Bg4 11. Qd3 Nbd7 12. Be3 Qa5 13. O-O Nc5 14. Bxc5
Qxc5 15. Ne4 Nxe4 16. Qxe4 h5 17. h3 Rae8 18. Qd3 Bd7 19. Qf3+ Kg8 20. Rae1 Rf8
21. Qd1 Rh6 22. Re4 Rhf6 23. Qd2 a5 24. a4 b5 25. axb5 Qxb5 26. Ba4 Qb7 27.
Bxd7 Qxd7 28. Qxa5 Qb7 29. b3 Bb8 30. Rb4 Qd7 31. Rb6 Rf5 32. c4 Qc7 33. d6
Rxa5 34. dxc7 Bxc7 35. Rb7 Be5 36. b4 Ra3 37. c5 Rc3 38. g3 Bd4 39. Kg2 Rc2 40.
Rd7 Bc3 41. b5 Ba5 42. c6 Bb6 43. Rb7 Bxf2 44. Kh1 h4 45. gxh4 Rf3 46. c7 Rxh3+
47. Kg2 Rg3+ 48. Kh2 Be1+ 49. Kh1 Rh3+ 50. Kg1 Rg3+ 51. Kh1 Rh3+ 52. Kg1 Rg3+
53. Kh1 {Normal} 1/2-1/2

[Event "Rated Blitz game"]
[Site "?"]
[Date "2021.06.08"]
[Round "?"]
[White "simon_h81"]
[Black "ilkernadi"]
[Result "0-1"]
[ECO "C42"]
[WhiteElo "2372"]
[BlackElo "2460"]
[PlyCount "94"]
[EventDate "2021.??.??"]
[EventType "blitz"]
[TimeControl "180"]

1. e4 e5 2. Nf3 Nf6 3. Nxe5 d6 4. Nxf7 Kxf7 5. d4 Be7 6. Nc3 Re8 7. Bd3 Kg8 8.
O-O Bf8 9. Re1 Nc6 10. Be3 Bg4 11. f3 Bh5 12. Ne2 Bf7 13. Ng3 Nb4 14. Be2 c5
15. c3 Nc6 16. b3 cxd4 17. cxd4 d5 18. e5 Nh5 19. Nf1 g6 20. Bb5 Ng7 21. Ng3
Be6 22. Rc1 Rc8 23. Bd3 Qd7 24. Bb1 Nf5 25. Nxf5 Bxf5 26. Bg5 Bxb1 27. Rxb1
Nxd4 28. Kh1 Ne6 29. Bf6 Bg7 30. Qd2 Bxf6 31. exf6 Rf8 32. Red1 d4 33. Qg5 Qf7
34. Re1 Qxf6 35. Qd5 Rfe8 36. Rbd1 Rcd8 37. Qxb7 Re7 38. Qb4 Kg7 39. Re4 Red7
40. Qc4 Nf4 41. Rde1 d3 42. Qb4 d2 43. Rd1 Nd5 44. Qc4 Nc3 45. Re6 Nxd1 46.
Rxf6 Kxf6 47. Qf4+ Kg7 {Time forfeit} 0-1

[Event "Rated Blitz game"]
[Site "?"]
[Date "2021.06.07"]
[Round "?"]
[White "behxhetshala"]
[Black "sarenka_czaruje_69"]
[Result "1-0"]
[ECO "C42"]
[WhiteElo "2410"]
[BlackElo "2442"]
[PlyCount "75"]
[EventDate "2021.??.??"]
[EventType "blitz"]
[TimeControl "180"]

1. e4 e5 2. Nf3 Nf6 3. Nxe5 d6 4. Nxf7 Kxf7 5. Bc4+ d5 6. exd5 Bd6 7. d4 Re8+
8. Be3 Bg4 9. Qd3 Qd7 10. Nc3 Qf5 11. Qd2 Kf8 12. h3 Bh5 13. g4 Qf3 14. Rg1 Bg6
15. Be2 Qxh3 16. O-O-O Bb4 17. Rh1 Qg2 18. Rdg1 Qxd5 19. a3 Bxc3 20. Qxc3 Nc6
21. Bc4 Qf3 22. d5 Ne7 23. Qb3 Rad8 24. Kb1 Nfxd5 25. g5 Nxe3 26. fxe3 Nf5 27.
Qb4+ Re7 28. Rf1 Qxe3 29. Re1 c5 30. Qa5 b6 31. Qb5 Qxe1+ 32. Rxe1 Rxe1+ 33.
Ka2 Nd4 34. Qa6 Bxc2 35. b4 Bb1+ 36. Kb2 Nc2 37. Qb7 Ne3 38. Qf7# {Normal} 1-0

[Event "Rated Blitz game"]
[Site "?"]
[Date "2021.06.07"]
[Round "?"]
[White "judineptune"]
[Black "Ihsan_Kilic"]
[Result "1-0"]
[ECO "C42"]
[WhiteElo "2454"]
[BlackElo "2427"]
[PlyCount "87"]
[EventDate "2021.??.??"]
[EventType "blitz"]
[TimeControl "180"]

1. e4 e5 2. Nf3 Nf6 3. Nxe5 d6 4. Nxf7 Kxf7 5. d4 Qe8 6. Nc3 Nc6 7. Bc4+ d5 8.
Nxd5 Qxe4+ 9. Be3 Nxd5 10. Qh5+ Ke7 11. Bxd5 Qg6 12. Qh4+ Ke8 13. O-O-O Bf5 14.
Rhe1 Kd7 15. Bg5 h6 16. Bf4 Qg4 17. Qxg4 Bxg4 18. f3 Bf5 19. g4 Bg6 20. Be6+
Kd8 21. d5 Nb4 22. d6 c6 23. Bb3 a5 24. a3 a4 25. axb4 axb3 26. cxb3 Ra1+ 27.
Kd2 Rxd1+ 28. Rxd1 Kd7 29. Ra1 Bxd6 30. Bxd6 Kxd6 31. Ke3 Kc7 32. Kf4 Rf8+ 33.
Kg3 Bd3 34. h4 Be2 35. f4 Re8 36. Re1 Re6 37. g5 Bc4 38. Rf1 Bxf1 39. f5 Re5
40. Kf4 Rb5 41. gxh6 gxh6 42. Kg4 Bd3 43. Kh5 Rxf5+ 44. Kxh6 {Time forfeit} 1-0

[Event "Rated Blitz game"]
[Site "?"]
[Date "2021.06.07"]
[Round "?"]
[White "Ofird94"]
[Black "Prayer791"]
[Result "0-1"]
[ECO "C42"]
[WhiteElo "2423"]
[BlackElo "2573"]
[PlyCount "60"]
[EventDate "2021.??.??"]
[EventType "blitz"]
[TimeControl "180"]

1. e4 e5 2. Nf3 Nf6 3. Nxe5 d6 4. Nxf7 Kxf7 5. Bc4+ d5 6. exd5 Bd6 7. O-O Rf8
8. d4 Kg8 9. Bb3 Ng4 10. h3 Qh4 11. c4 Nxf2 12. Qe2 Bg3 13. Be3 Nxh3+ 14. gxh3
Rxf1+ 15. Qxf1 Bxh3 16. Qf3 Nd7 17. Bf2 Bxf2+ 18. Qxf2 Qg4+ 19. Kh2 Rf8 20. Qg3
Qe2+ 21. Kxh3 Rf3 22. Nc3 Rxg3+ 23. Kxg3 Qxb2 24. Rf1 Qxc3+ 25. Rf3 Qxd4 26. c5
h5 27. d6+ Kh7 28. Bc2+ Kh6 29. Bf5 Nxc5 30. dxc7 Qe5+ {Normal} 0-1

[Event "Rated Blitz game"]
[Site "?"]
[Date "2021.06.07"]
[Round "?"]
[White "EinarHjalti"]
[Black "Efimenko"]
[Result "0-1"]
[ECO "C42"]
[WhiteElo "2513"]
[BlackElo "2390"]
[PlyCount "32"]
[EventDate "2021.??.??"]
[EventType "blitz"]
[TimeControl "180+2"]

1. e4 e5 2. Nf3 Nf6 3. Nxe5 d6 4. Nxf7 Kxf7 5. d4 c6 6. Nc3 Be7 7. Bc4+ d5 8.
exd5 cxd5 9. Nxd5 Nxd5 10. Qh5+ g6 11. Qxd5+ Qxd5 12. Bxd5+ Kg7 13. Bf4 Nc6 14.
O-O-O Rd8 15. Be4 Nxd4 16. Rd3 Ne2+ {Normal} 0-1

[Event "Rated Blitz game"]
[Site "?"]
[Date "2021.06.07"]
[Round "?"]
[White "onatog"]
[Black "Jakob19"]
[Result "0-1"]
[ECO "C42"]
[WhiteElo "2514"]
[BlackElo "2594"]
[PlyCount "106"]
[EventDate "2021.??.??"]
[EventType "blitz"]
[TimeControl "300"]

1. e4 e5 2. Nf3 Nf6 3. Nxe5 d6 4. Nxf7 Kxf7 5. d4 c5 6. Bc4+ d5 7. exd5 b5 8.
Bxb5 Qxd5 9. O-O Bb7 10. Qf3 Qxf3 11. gxf3 cxd4 12. Rd1 Bc5 13. Nd2 Bb6 14. a4
Bc7 15. Nb3 Bxf3 16. Rxd4 Nc6 17. Bxc6 Bxc6 18. Rc4 Rac8 19. Rxc6 Bxh2+ 20.
Kxh2 Rxc6 21. c3 Re8 22. Nd4 Rb6 23. a5 Rbb8 24. Kg2 Re1 25. Nc2 Rd1 26. Ne3
Rd3 27. Nc4 Re8 28. Be3 a6 29. Ra4 Nd5 30. Nd6+ Kf8 31. Nxe8 Nxe3+ 32. fxe3
Kxe8 33. Kf3 Rd2 34. Rb4 h5 35. Rb6 Kf7 36. Kf4 Rg2 37. Rxa6 h4 38. Rb6 h3 39.
Kf3 Rg1 40. Rb7+ Kg6 41. Rb6+ Kh7 42. Rb4 g5 43. Rb7+ Kg6 44. Rb6+ Kg7 45. Rb7+
Kg6 46. Rb6+ Kf5 47. Rh6 g4+ 48. Kf2 Rg2+ 49. Kf1 Rxb2 50. a6 Ra2 51. c4 Ke4
52. c5 Kf3 53. Ke1 Kxe3 {Normal} 0-1

[Event "Rated Blitz game"]
[Site "?"]
[Date "2021.06.04"]
[Round "?"]
[White "Tinopov"]
[Black "maksmil"]
[Result "1-0"]
[ECO "C42"]
[WhiteElo "2410"]
[BlackElo "2350"]
[PlyCount "53"]
[EventDate "2021.??.??"]
[EventType "blitz"]
[TimeControl "180"]

1. e4 e5 2. Nf3 Nf6 3. Nxe5 d6 4. Nxf7 Kxf7 5. d4 Bg4 6. Be2 Bxe2 7. Qxe2 Nc6
8. c3 g6 9. f4 Bg7 10. e5 Re8 11. Qc4+ d5 12. Qb5 Rb8 13. O-O Ne4 14. Nd2 a6
15. Qd3 Nxd2 16. Bxd2 Kg8 17. f5 gxf5 18. Rxf5 Rf8 19. Rh5 h6 20. Bxh6 Qe8 21.
Rg5 Rf7 22. Rf1 Rxf1+ 23. Qxf1 Qe6 24. Bxg7 Re8 25. Bf6+ Kh7 26. Rg7+ Kh6 27.
Qf4+ {Normal} 1-0

[Event "Rated Blitz game"]
[Site "?"]
[Date "2021.06.04"]
[Round "?"]
[White "MagiqueRoger"]
[Black "uriberto"]
[Result "1-0"]
[ECO "C42"]
[WhiteElo "2430"]
[BlackElo "2518"]
[PlyCount "39"]
[EventDate "2021.??.??"]
[EventType "blitz"]
[TimeControl "300"]

1. e4 e5 2. Nf3 Nf6 3. Nxe5 d6 4. Nxf7 Kxf7 5. d4 g6 6. Nc3 Bg7 7. Bc4+ Kf8 8.
O-O c6 9. Bb3 Qe7 10. Qf3 Be6 11. e5 Bxb3 12. exf6 Qxf6 13. Qxf6+ Bxf6 14. axb3
Bxd4 15. Rd1 Be5 16. f4 Bxc3 17. bxc3 d5 18. c4 dxc4 19. Rd8+ Kg7 20. Bb2+ {
Normal} 1-0

[Event "Rated Blitz tournament wwObQ6pH"]
[Site "?"]
[Date "2021.06.03"]
[Round "?"]
[White "k-zudi"]
[Black "Abanamatt"]
[Result "1/2-1/2"]
[ECO "C42"]
[WhiteElo "2288"]
[BlackElo "2405"]
[PlyCount "44"]
[EventDate "2021.??.??"]
[EventType "blitz"]
[TimeControl "180"]

1. e4 e5 2. Nf3 Nf6 3. Nxe5 d6 4. Nxf7 Kxf7 5. d4 c5 6. Bc4+ d5 7. exd5 Bd6 8.
O-O cxd4 9. Qxd4 Re8 10. Nc3 Bf5 11. Nb5 Re4 12. Qc3 a6 13. Nxd6+ Qxd6 14. Bb3
Nbd7 15. f3 Re2 16. Be3 Re8 17. Bf2 h6 18. Rae1 Rxe1 19. Rxe1 Rxe1+ 20. Qxe1 b5
21. Bg3 Qc5+ 22. Bf2 Qe7 {Normal} 1/2-1/2

[Event "Rated Blitz game"]
[Site "?"]
[Date "2021.06.03"]
[Round "?"]
[White "Quasi_Mister_Obasi"]
[Black "gefasos"]
[Result "0-1"]
[ECO "C42"]
[WhiteElo "2440"]
[BlackElo "2340"]
[PlyCount "140"]
[EventDate "2021.??.??"]
[EventType "blitz"]
[TimeControl "180+2"]

1. e4 e5 2. Nf3 Nf6 3. Nxe5 d6 4. Nxf7 Kxf7 5. d4 c5 6. dxc5 Qa5+ 7. Nc3 Qxc5
8. Be3 Qa5 9. Bc4+ Be6 10. Bxe6+ Kxe6 11. O-O Be7 12. Re1 Nc6 13. Qf3 Rhe8 14.
Nd5 Kf7 15. b4 Qd8 16. Rad1 Kg8 17. b5 Ne5 18. Qf4 Nxd5 19. Rxd5 Qc7 20. Qg3
Rad8 21. Rc1 Bf6 22. Bxa7 b6 23. f4 Ng6 24. f5 Ne5 25. Qa3 Ra8 26. Qxd6 Qxa7
27. g4 Nxg4 28. Qc6 Ne5 29. Qc3 Qxa2 30. Qg3 Qc4 31. Rcd1 Qxe4 32. Qb3 Kh8 33.
Kf1 Qxf5+ 34. Kg1 Qf3 35. Rxe5 Qg4+ 36. Kf2 Bxe5 37. Rg1 Bd4+ 38. Kf1 Qf3+ 39.
Qxf3 Rf8 40. Rg3 Rxf3+ 41. Rxf3 h6 42. Ke2 Bc5 43. Kd3 Ra3+ 44. c3 Kh7 45. Kc4
Ra2 46. h3 Rf2 47. Rd3 Rf4+ 48. Kd5 Kg6 49. Kc6 Kh5 50. Rd5+ Kh4 51. Rxc5 Rf6+
52. Kd5 bxc5 53. Kxc5 Kxh3 54. b6 g5 55. b7 Rf8 56. Kb6 g4 57. c4 g3 58. c5 g2
59. c6 g1=Q+ 60. Kc7 Qg3+ 61. Kb6 Qb8 62. Ka6 Rf6 63. Kb6 h5 64. Kc5 Qc7 65.
Kd5 Qxc6+ 66. Ke5 Qd6+ 67. Ke4 Rf4+ 68. Ke3 Qd4+ 69. Ke2 Rf2+ 70. Ke1 Qd2# {
Normal} 0-1

[Event "Rated Blitz game"]
[Site "?"]
[Date "2021.06.03"]
[Round "?"]
[White "mared2"]
[Black "F96485"]
[Result "1-0"]
[ECO "C42"]
[WhiteElo "2414"]
[BlackElo "2330"]
[PlyCount "53"]
[EventDate "2021.??.??"]
[EventType "blitz"]
[TimeControl "180"]

1. e4 e5 2. Nf3 Nf6 3. Nxe5 d6 4. Nxf7 Kxf7 5. d4 c5 6. dxc5 d5 7. e5 Ng4 8.
Qf3+ Kg8 9. Bf4 Bxc5 10. Bg3 Nc6 11. Nc3 Ncxe5 12. Qe2 Nc4 13. O-O-O Nb6 14.
Qb5 Bxf2 15. Nxd5 Be6 16. Nc3 Qf6 17. Be2 Bxg3 18. hxg3 Ne3 19. Rd6 Qg6 20. Bd3
Qg4 21. Qe5 Nec4 22. Qxe6+ Qxe6 23. Rxe6 Na5 24. Rf1 Nc6 25. Ne4 h6 26. Nd6 Rd8
27. Bg6 {Time forfeit} 1-0

[Event "Rated Blitz game"]
[Site "?"]
[Date "2021.06.03"]
[Round "?"]
[White "matej_jusup"]
[Black "serzhi1966"]
[Result "0-1"]
[ECO "C42"]
[WhiteElo "2327"]
[BlackElo "2475"]
[PlyCount "32"]
[EventDate "2021.??.??"]
[EventType "blitz"]
[TimeControl "180"]

1. e4 e5 2. Nf3 Nf6 3. Nxe5 d6 4. Nxf7 Kxf7 5. Bc4+ d5 6. exd5 Bd6 7. O-O Rf8
8. d3 Kg8 9. Nc3 Bxh2+ 10. Kxh2 Ng4+ 11. Kg3 Qd6+ 12. f4 Qg6 13. f5 Bxf5 14.
d6+ Kh8 15. Rxf5 Ne3+ 16. Kh4 Nxf5+ {Normal} 0-1

[Event "Rated Blitz game"]
[Site "?"]
[Date "2021.06.03"]
[Round "?"]
[White "Quasi_Mister_Obasi"]
[Black "Vox-Dei"]
[Result "0-1"]
[ECO "C42"]
[WhiteElo "2453"]
[BlackElo "2420"]
[PlyCount "44"]
[EventDate "2021.??.??"]
[EventType "blitz"]
[TimeControl "180+2"]

1. e4 e5 2. Nf3 Nf6 3. Nxe5 d6 4. Nxf7 Kxf7 5. Nc3 Be7 6. d4 Rf8 7. Bc4+ Be6 8.
Bxe6+ Kxe6 9. O-O Kf7 10. f4 Kg8 11. e5 dxe5 12. fxe5 Nd5 13. Ne4 Rxf1+ 14.
Qxf1 c6 15. c4 Nb4 16. Qd1 c5 17. d5 Nd7 18. Bf4 Qf8 19. Bg3 Qf5 20. Qe2 Nxe5
21. Rf1 Qg4 22. Qe1 Nbd3 {Normal} 0-1

[Event "Rated Blitz tournament XuU1fxq9"]
[Site "?"]
[Date "2021.06.03"]
[Round "?"]
[White "HpRmDrNsT"]
[Black "The_Flaggship"]
[Result "1-0"]
[ECO "C42"]
[WhiteElo "2429"]
[BlackElo "2227"]
[PlyCount "73"]
[EventDate "2021.??.??"]
[EventType "blitz"]
[TimeControl "180+2"]

1. e4 e5 2. Nf3 Nf6 3. Nxe5 d6 4. Nxf7 Kxf7 5. d4 Be7 6. Nc3 Re8 7. Bc4+ Be6 8.
Bxe6+ Kxe6 9. O-O Kf7 10. f4 Kg8 11. g4 d5 12. e5 Ne4 13. Qf3 Nxc3 14. bxc3 c5
15. Rb1 Qc7 16. Qxd5+ Kh8 17. Rxb7 Qc6 18. Qxc6 Nxc6 19. d5 Na5 20. Rd7 Bf8 21.
d6 Nc6 22. Rc7 Rec8 23. Rxc8 Rxc8 24. Rd1 Kg8 25. e6 Rd8 26. d7 Be7 27. f5 h6
28. Be3 g6 29. Rd5 gxf5 30. gxf5 c4 31. Bxh6 Kh7 32. Bf4 Kg7 33. Bc7 Rg8 34.
Kf2 Kf6 35. h4 Rg4 36. h5 Rf4+ 37. Bxf4 {Normal} 1-0

[Event "Rated Blitz game"]
[Site "?"]
[Date "2021.06.02"]
[Round "?"]
[White "Doubleb17"]
[Black "Ihsan_Kilic"]
[Result "0-1"]
[ECO "C42"]
[WhiteElo "2485"]
[BlackElo "2455"]
[PlyCount "88"]
[EventDate "2021.??.??"]
[EventType "blitz"]
[TimeControl "180"]

1. e4 e5 2. Nf3 Nf6 3. Nxe5 d6 4. Nxf7 Kxf7 5. Nc3 Qe8 6. Bc4+ Be6 7. Qe2 Nc6
8. O-O Bxc4 9. Qxc4+ Qe6 10. Qb5 Rb8 11. d3 Be7 12. Be3 Rhf8 13. h3 Kg8 14. f4
a6 15. Qa4 d5 16. e5 Nd7 17. Qb3 Nb6 18. Bxb6 cxb6 19. Nxd5 Bc5+ 20. Kh2 Kh8
21. c3 Ne7 22. Nxe7 Qxb3 23. Ng6+ hxg6 24. axb3 Rbd8 25. d4 Be7 26. g4 Kh7 27.
Rad1 b5 28. c4 bxc4 29. bxc4 b6 30. d5 Bc5 31. Kg3 Rfe8 32. Kf3 a5 33. Ke4 Re7
34. f5 Rde8 35. e6 g5 36. d6 Ra7 37. Rd5 Rd8 38. Rfd1 a4 39. Rxc5 bxc5 40. e7
Rxe7+ 41. dxe7 Rxd1 42. e8=Q Re1+ 43. Kd5 Rxe8 44. Kxc5 Rb8 {Normal} 0-1

[Event "Rated Blitz game"]
[Site "?"]
[Date "2021.06.02"]
[Round "?"]
[White "Masya1984"]
[Black "YaYestGrut"]
[Result "1/2-1/2"]
[ECO "C42"]
[WhiteElo "2616"]
[BlackElo "2574"]
[PlyCount "125"]
[EventDate "2021.??.??"]
[EventType "blitz"]
[TimeControl "180"]

1. e4 e5 2. Nf3 Nf6 3. Nxe5 d6 4. Nxf7 Kxf7 5. Nc3 c5 6. Bc4+ Be6 7. Bxe6+ Kxe6
8. d4 Kf7 9. O-O Qd7 10. d5 Kg8 11. f4 Qe8 12. Qf3 Nbd7 13. Bd2 a6 14. Rae1 h5
15. h3 h4 16. e5 dxe5 17. Ne4 Nxe4 18. Rxe4 Bd6 19. fxe5 Nxe5 20. Qb3 Qb5 21.
Qe3 c4 22. Kh1 Re8 23. Bc3 Qxd5 24. Re1 Rh5 25. Qe2 Rg5 26. Rxh4 Re7 27. Rd4
Qc6 28. Qd2 Nf7 29. Rf1 Bc5 30. Rdf4 Be3 31. Rxc4 Bxd2 32. Rxc6 bxc6 33. Bxd2
Rge5 34. Bc3 Re2 35. Rf5 Rxc2 36. Rc5 Ree2 37. Rxc6 Rxg2 38. Rc8+ Kh7 39. Rc7
Rgf2 40. Kg1 Rfe2 41. Kf1 Rf2+ 42. Ke1 Rce2+ 43. Kd1 Re6 44. h4 Rf5 45. h5 Rd5+
46. Kc2 Kh6 47. Bd2+ Kxh5 48. Rc3 Re2 49. Rh3+ Kg4 50. Rh1 Rdxd2+ 51. Kc3 Rc2+
52. Kd4 Rxb2 53. Kd5 Rg2 54. Ke6 Rbf2 55. Kd7 Ng5 56. Kc7 Nf3 57. Kb7 Rg1 58.
Ka7 Rxh1 59. a4 Rhh2 60. a5 Ra2 61. Kxa6 Rxa5+ 62. Kxa5 Nd4 63. Ka6 {Time
forfeit} 1/2-1/2

[Event "Rated Blitz game"]
[Site "?"]
[Date "2021.06.02"]
[Round "?"]
[White "Doubleb17"]
[Black "Ihsan_Kilic"]
[Result "0-1"]
[ECO "C42"]
[WhiteElo "2492"]
[BlackElo "2448"]
[PlyCount "72"]
[EventDate "2021.??.??"]
[EventType "blitz"]
[TimeControl "180"]

1. e4 e5 2. Nf3 Nf6 3. Nxe5 d6 4. Nxf7 Kxf7 5. Nc3 Qe8 6. Bc4+ Be6 7. Bxe6+
Qxe6 8. d3 Be7 9. O-O Rf8 10. f4 Kg8 11. f5 Qd7 12. g4 h6 13. d4 Nc6 14. Be3
Nh7 15. Qd3 Bg5 16. Bf2 Qe7 17. Rae1 Bh4 18. e5 Bxf2+ 19. Rxf2 dxe5 20. dxe5
Qc5 21. Qd5+ Qxd5 22. Nxd5 Rac8 23. b4 a6 24. h4 Rfd8 25. c4 b5 26. cxb5 axb5
27. Nc3 Nxb4 28. Nxb5 Nd3 29. Rfe2 Nxe1 30. Rxe1 Rd5 31. Nc3 Rd4 32. Re4 Rxe4
33. Nxe4 Ra8 34. g5 hxg5 35. hxg5 Ra4 36. Nc5 Rg4+ {Normal} 0-1

[Event "Rated Blitz game"]
[Site "?"]
[Date "2021.06.02"]
[Round "?"]
[White "MagnusPalmi"]
[Black "Vox-Dei"]
[Result "0-1"]
[ECO "C42"]
[WhiteElo "2428"]
[BlackElo "2412"]
[PlyCount "154"]
[EventDate "2021.??.??"]
[EventType "blitz"]
[TimeControl "180+2"]

1. e4 e5 2. Nf3 Nf6 3. Nxe5 d6 4. Nxf7 Kxf7 5. d4 Be7 6. Nc3 Rf8 7. Bc4+ Be6 8.
d5 Bc8 9. e5 Ne8 10. Qh5+ Kg8 11. e6 Nf6 12. Qe2 c6 13. O-O b5 14. Bb3 b4 15.
Na4 Ba6 16. Bc4 Bxc4 17. Qxc4 cxd5 18. Qxb4 Nc6 19. Qd2 Qa5 20. Qxa5 Nxa5 21.
b3 Nb7 22. Rd1 Nc5 23. Nc3 Nxe6 24. Nxd5 Nxd5 25. Rxd5 Bf6 26. Rb1 Be5 27. Ba3
Nf4 28. Rd2 Rfd8 29. g3 Ng6 30. f4 Bc3 31. Rxd6 Rxd6 32. Bxd6 Rd8 33. Bc5 a6
34. Be3 Ne7 35. Kf2 Nf5 36. Ke2 Re8 37. Kd3 Rxe3+ 38. Kc4 Re1 39. Rxe1 Bxe1 40.
b4 Ne3+ 41. Kd3 Nd5 42. a3 Kf7 43. c4 Nc7 44. Ke2 Bc3 45. Kd3 Bb2 46. a4 Ke6
47. a5 Kd6 48. b5 axb5 49. cxb5 Nxb5 50. Ke4 Ke6 51. g4 g6 52. h4 Nc7 53. f5+
gxf5+ 54. gxf5+ Kf6 55. Kf4 Bc3 56. Kg4 Bxa5 57. Kh5 Bd2 58. Kg4 Nd5 59. Kh5
Ne7 60. Kg4 Nxf5 61. Kh5 Ne7 62. Kg4 Kg6 63. h5+ Kh6 64. Kh4 Nd5 65. Kg4 Nf6+
66. Kh4 Nxh5 67. Kg4 Nf6+ 68. Kh4 Bg5+ 69. Kh3 Kh5 70. Kg3 Ne4+ 71. Kh3 Bf4 72.
Kg2 Kg4 73. Kh1 h5 74. Kg2 h4 75. Kh1 Kh3 76. Kg1 Be3+ 77. Kh1 Ng3# {Normal}
0-1

[Event "Rated Blitz game"]
[Site "?"]
[Date "2021.06.01"]
[Round "?"]
[White "MrMosasaurus"]
[Black "Shaginyan_A"]
[Result "0-1"]
[ECO "C42"]
[WhiteElo "2322"]
[BlackElo "2452"]
[PlyCount "70"]
[EventDate "2021.??.??"]
[EventType "blitz"]
[TimeControl "180"]

1. e4 e5 2. Nf3 Nf6 3. Nxe5 d6 4. Nxf7 Kxf7 5. d4 c5 6. dxc5 Nc6 7. cxd6 Qxd6
8. Bd3 Bg4 9. f3 Bh5 10. O-O Ne5 11. Bf4 Qb6+ 12. Kh1 Nxd3 13. Qxd3 Rd8 14.
Qb3+ Qxb3 15. axb3 a6 16. Nc3 Bb4 17. Rad1 Rhe8 18. Bg5 Bxc3 19. bxc3 h6 20.
Bh4 g5 21. Bg3 Rxd1 22. Rxd1 Rxe4 23. Rd2 Re7 24. Kg1 Bg6 25. c4 Nh5 26. Bd6
Re1+ 27. Kf2 Rc1 28. Ke3 Rxc2 29. Rxc2 Bxc2 30. b4 Ke6 31. Bc7 Ng7 32. Kd4 Kd7
33. Be5 Ne6+ 34. Kd5 Bb3 35. g3 b5 {Normal} 0-1

[Event "Rated Blitz tournament vZ3FU71I"]
[Site "?"]
[Date "2021.06.01"]
[Round "?"]
[White "borobudur70"]
[Black "Hendry_KBPL"]
[Result "0-1"]
[ECO "C42"]
[WhiteElo "2546"]
[BlackElo "2270"]
[PlyCount "36"]
[EventDate "2021.??.??"]
[EventType "blitz"]
[TimeControl "300"]

1. e4 e5 2. Nf3 Nf6 3. Nxe5 d6 4. Nxf7 Kxf7 5. d4 Be7 6. Nc3 Re8 7. Bc4+ Be6 8.
Bxe6+ Kxe6 9. f4 Kf7 10. e5 dxe5 11. fxe5 Bb4 12. O-O Nc6 13. Be3 Kg8 14. Qd3
Bxc3 15. exf6 Rxe3 16. f7+ Kh8 17. f8=Q+ Qxf8 18. Rxf8+ Rxf8 {Normal} 0-1

[Event "Rated Blitz game"]
[Site "?"]
[Date "2021.05.31"]
[Round "?"]
[White "RamChess1130"]
[Black "RobertMugabe"]
[Result "0-1"]
[ECO "C42"]
[WhiteElo "2429"]
[BlackElo "2327"]
[PlyCount "52"]
[EventDate "2021.??.??"]
[EventType "blitz"]
[TimeControl "180+2"]

1. e4 e5 2. Nf3 Nf6 3. Nxe5 d6 4. Nxf7 Kxf7 5. d4 c6 6. Nc3 Be6 7. f4 Be7 8. f5
Bc8 9. Qf3 Re8 10. Bc4+ d5 11. exd5 Bb4+ 12. Kd1 Kf8 13. Bg5 Qd6 14. g4 Bxc3
15. bxc3 cxd5 16. Bxf6 dxc4 17. Bh4 Nc6 18. Bg3 Qf6 19. Qd5 Rd8 20. Qc5+ Kg8
21. Qxc4+ Kh8 22. Bf2 Bxf5 23. gxf5 Qxf5 24. Rf1 Qf3+ 25. Qe2 Qxc3 26. Rc1 Nxd4
{Time forfeit} 0-1

[Event "Rated Blitz game"]
[Site "?"]
[Date "2021.05.30"]
[Round "?"]
[White "MagnusPalmi"]
[Black "Wernad"]
[Result "1-0"]
[ECO "C42"]
[WhiteElo "2428"]
[BlackElo "2403"]
[PlyCount "79"]
[EventDate "2021.??.??"]
[EventType "blitz"]
[TimeControl "180+2"]

1. e4 e5 2. Nf3 Nf6 3. Nxe5 d6 4. Nxf7 Kxf7 5. d4 c6 6. Nc3 Be7 7. Bc4+ d5 8.
Bb3 Be6 9. e5 Ne4 10. Qf3+ Kg8 11. Nxe4 Nd7 12. O-O a5 13. a4 Qb6 14. Be3 Rf8
15. Qg3 h5 16. h4 Qd8 17. Ng5 Bxg5 18. Bxg5 Qe8 19. f4 Qg6 20. c3 Kh7 21. Rf2
Nb6 22. Qf3 Nc4 23. Bc2 Bf5 24. Bxf5 Rxf5 25. b3 Nb6 26. e6 Re8 27. e7 Nc8 28.
Re1 Nd6 29. Re5 Kg8 30. Rfe2 Ne4 31. Rxf5 Qxf5 32. Qxh5 g6 33. Qf3 Kf7 34. g4
Qe6 35. f5 gxf5 36. gxf5 Qd6 37. Qh5+ Kg7 38. f6+ Nxf6 39. Bxf6+ Qxf6 40. Rg2+
{Normal} 1-0